 Dungeon Crawl Stone Soup version 0.26-b1-32-g5d43845318 (webtiles) character file.

Game seed: 2499585444578494981

288 raceaflais the Ruffian (level 6, -9/59 HPs)
             Began as a Troll Monk on Jan 5, 2021.
             Was an Initiate of Wu Jian.
             Splashed by an oklob plant's acid (11 damage)
             ... created by the enmity of Fedhas Madash
             ... on level 7 of the Dungeon.
             The game lasted 00:09:14 (1837 turns).

raceaflais the Ruffian (Troll Monk)                 Turns: 1837, Time: 00:09:16

Health: -9/59      AC:  3    Str: 28    XL:     6   Next: 9%
Magic:  5/5        EV: 11    Int:  6    God:    Wu Jian [......]
Gold:   151        SH:  0    Dex: 12    Spells: 5/5 levels left

rFire    . . .     SeeInvis .     - Unarmed
rCold    . . .     Faith    .   (no shield)
rNeg     . . .     Spirit   .   a - +1 robe
rPois    .         Reflect  .   (helmet restricted)
rElec    .         Harm     .   (no cloak)
rCorr    .         Rampage  .   (gloves unavailable)
Will     .....                  (boots unavailable)
Stlth    ++........             (no amulet)
HPRegen  0.59/turn              q - +6 ring of strength
MPRegen  0.09/turn              (no ring)

@: corroded, very slow
A: large, unfitting armour, claws 3, regeneration 1, shaggy fur 1, tough skin 3
a: Renounce Religion


You were on level 7 of the Dungeon.
You worshipped Wu Jian.
Wu Jian was noncommittal.
You visited 1 branch of the dungeon, and saw 4 of its levels.

You collected 151 gold pieces.

Inventory:

Hand Weapons
 k - a +0 spear
 m - a +0 dagger
 r - a +0 shortbow
 s - a +0 battleaxe
Missiles
 e - 33 bolts
 f - 81 arrows
 i - 8 javelins (quivered)
 l - 16 poisoned darts
 n - 2 boomerangs
 o - 49 stones
Armour
 a - a +1 robe (worn)
 b - a +1 leather armour of poison resistance
 g - a +2 pair of gloves
Jewellery
 q - a +6 ring of strength (left claw)
Scrolls
 d - 2 scrolls of identify
Potions
 c - 3 potions of curing
 h - a potion of attraction
 j - 2 potions of flight


   Skills:
 + Level 2.9 Fighting
 + Level 3.6 Dodging
 + Level 1.5 Stealth
 + Level 5.2 Unarmed Combat


You had 5 spell levels left.
You didn't know any spells.
Your spell library was empty.

Dungeon Overview and Level Annotations

Branches:
Dungeon (7/15)
 Temple: D:4-7

Altars:
Cheibriados
Fedhas
Wu Jian
Xom

Shops:
D:4 ?

Annotations:
D:7 exclusion: 5 oklob plants


Innate Abilities, Weirdness & Mutations

You are too large for most types of armour.
You have claws for hands.
Your natural rate of healing is unusually fast.
You are covered in fur. (AC +1)
You have extremely tough skin. (AC +3)


Message History

The wandering mushroom is lightly damaged.
The oklob plant spits acid at you. The splash of acid hits you.
The acid corrodes you!
You are splashed with acid!
The wandering mushroom closely misses you.
You scratch the wandering mushroom but do no damage.
The wandering mushroom is lightly damaged.
The wandering mushroom barely misses you.
You scratch the wandering mushroom but do no damage.
The wandering mushroom is lightly damaged.
The wandering mushroom barely misses you.
The oklob plant spits acid at you. The splash of acid hits you!
You are splashed with acid!
* * * LOW HITPOINT WARNING * * *
You claw the wandering mushroom!
The wandering mushroom is heavily damaged.
The oklob plant spits acid at you. The splash of acid hits you!
* * * LOW HITPOINT WARNING * * *
You are splashed with acid!
You die...

.#..(..##. ##
..........# #.._._#..
..
.........#####...__#.P
# #
...........Z#c.._g#..
#.# #.......
###########. ...
#......# #...........
... #.f..f.#
#.##.######. ...
#.f...P# #.##........
... #...@..#
#......####. ...
#f.f...######...# #.
... #......P###<#...#
#. ...
#...f.......#.#.####.
...
#####'#.#####.....##.
#.# #.#.........#.# .
#.#########...# #..
...# .... #..#


You could see 2 oklob plants and 6 wandering mushrooms.

Vanquished Creatures
  A centaur (D:4)
  A bullfrog zombie (D:7)
  2 orc wizards (D:4)
  2 worker ants (D:4)
  An adder (D:2)
  An ufetubus (D:7)
  An adder skeleton (D:4)
  3 leopard geckos
  8 orcs
  A bat (D:1)
  A giant cockroach (D:2)
  9 goblins
  7 hobgoblins
  3 jackals (D:1)
  3 kobolds (D:2)
  A frilled lizard (D:4)
  A rat (D:1)
46 creatures vanquished.

Notes
Turn   | Place    | Note
-------+----------+-------------------------------------------
     0 | D:1      | raceaflais the Troll Monk began the quest for the Orb.
     0 | D:1      | Reached XP level 1. HP: 22/22 MP: 0/0
   127 | D:1      | Reached XP level 2. HP: 29/29 MP: 1/1
   895 | D:2      | Found a snail-covered altar of Cheibriados.
   901 | D:2      | Became a worshipper of Cheibriados the Contemplative
   901 | D:2      | Reached * piety under Cheibriados
   901 | D:2      | Reached ** piety under Cheibriados
   957 | D:2      | Reached XP level 3. HP: 36/36 MP: 2/2
   984 | D:2      | Found a blossoming altar of Fedhas.
  1013 | D:2      | Fell from the grace of Cheibriados
  1013 | D:2      | Became a worshipper of Fedhas Madash
  1434 | D:2      | You fall into a shaft and drop 2 floors!
  1442 | D:4      | Reached skill level 4 in Unarmed Combat
  1442 | D:4      | Reached XP level 4. HP: 44/44 MP: 3/3
  1458 | D:4      | Reached XP level 5. HP: 37/50 MP: 4/4
  1557 | D:4      | Found an ornate altar of the Wu Jian Council.
  1573 | D:4      | Fell from the grace of Fedhas
  1573 | D:4      | Became a worshipper of the Wu Jian Council
  1577 | D:4      | Found Emme's Magic Scroll Boutique.
  1586 | D:4      | Noticed a centaur
  1595 | D:4      | Killed a centaur
  1596 | D:4      | Reached skill level 5 in Unarmed Combat
  1671 | D:4      | You fall into a shaft and drop 3 floors!
  1678 | D:7      | Noticed a phantom
  1717 | D:7      | Noticed an oklob plant
  1717 | D:7      | Noticed a wandering mushroom
  1719 | D:7      | Found a shimmering altar of Xom.
  1719 | D:7      | Found a shimmering altar of Xom.
  1720 | D:7      | Found a shimmering altar of Xom.
  1721 | D:7      | Found a shimmering altar of Xom.
  1721 | D:7      | Found a shimmering altar of Xom.
  1725 | D:7      | Found a shimmering altar of Xom.
  1725 | D:7      | Found a shimmering altar of Xom.
  1733 | D:7      | Noticed an oklob plant
  1733 | D:7      | Noticed an oklob plant
  1794 | D:7      | Found a shimmering altar of Xom.
  1795 | D:7      | Noticed a fire bat
  1805 | D:7      | Noticed an acid dragon
  1805 | D:7      | Noticed a centaur
  1805 | D:7      | an acid dragon changed into a centaur
  1830 | D:7      | Reached XP level 6. HP: 55/59 MP: 5/5
  1832 | D:7      | Noticed a wandering mushroom
  1832 | D:7      | Noticed a wandering mushroom
  1832 | D:7      | Noticed a wandering mushroom
  1832 | D:7      | Noticed a wandering mushroom
  1832 | D:7      | Noticed a wandering mushroom
  1832 | D:7      | Noticed an oklob plant
  1832 | D:7      | Noticed an oklob plant
  1832 | D:7      | Noticed a wandering mushroom
  1837 | D:7      | HP: 2/59 [oklob plant/splash of acid[the enmity of Fedhas
                  | Madash] (13)]
  1837 | D:7      | Splashed by an oklob plant's acid

Illustrated notes

Levels and vault maps discovered:
D:1:      eino_arrival_cavern_a, layout_basic, st_stairs_4, lemuel_flame_loot_1
D:2:      layout_loops_corners, nicolae_overflow_crystal_walls,
          lemuel_crystal_altar, chequers_serial_rivers_large_b,
          guppyfry_early_orc_mine
D:4:      layout_cave_pools, kennysheep_little_box,
          gammafunk_temple_overflow_elements, lemuel_crystal_altar,
          serial_glass, glass_columns_c, glass_columns_a, serial_shops,
          nicolae_shop_stone, mrwooster_statue_mirror, uniq_purgy
D:7:      layout_basic, xom_shifter_show, nzn_hepliaklqana_mist_gate,
          minmay_temple_entry_ruins, st_stairs_13

Skill      XL: |  1  2  3  4  5 |
---------------+----------------+-----
Dodging        | 3 |  3.6
Unarmed Combat | 4 5 |  5.2
Fighting       | |  2.9
Stealth        | |  1.5

Action                   |  1- 3 |  4- 6 || total
-------------------------+-------+-------++-------
Melee: Unarmed           |    81 |    44 ||   125
       Punch             |     1 |     1 ||     2
Invok: Lunge             |       |     3 ||     3
  Use: Scroll            |     6 |     2 ||     8
       Potion            |     3 |     3 ||     6
 Stab: Sleeping          |     1 |       ||     1
       Distracted        |     1 |       ||     1
Armor: Robe              |    48 |    17 ||    65
Dodge: Dodged            |    44 |    41 ||    85
